General information
	        
			
        
        - name: 1v1 OBS SV #11
 
        - type: Custom game
 
        - host: bia-bia-bia-bia
 
        - saver: kunt.roII
 
        
map: SecretValley 
        - players: 10
 
        - length: 12:38
 
        - speed: Fast
 - version: 1.22 W3XP
 - replay type:  Public
 
» download(47 KB)
Players
        team 1 (loser) 
              
              
» 
sdlDSKLoiLDK (
blue | 115 APM | 1456 actions | 12:37)
              
 2 Blademaster 
 1 Wind Walk
 1 Critical Strike
 2 Shadow Hunter 
 1 Hex
 1 Healing Wave
 
                » actions 
                
                | Assign group hotkey | 9 |  | 
| Basic commands | 6 |  | 
| Build / train | 41 |  | 
| Enter build submenu | 16 |  | 
| Enter hero's abilities submenu | 4 |  | 
| Right click | 885 |  | 
| Select / deselect | 220 |  | 
| Select group hotkey | 225 |  | 
| Use ability | 50 |  | 
                1456 total
 » units 
                
                | Peon | 7 |  | 
| Grunt | 3 |  | 
| Demolisher | 2 |  | 
| Wind Rider | 1 |  | 
| Raider | 2 |  | 
                15 total
 » upgrades
                
                | Spiked Barricades | 1 |  | 
| Ensnare | 1 |  | 
| Melee Weapons | 1 |  | 
                3 total
 » buildings
                
                | Orc Burrow | 4 |  | 
| Barracks | 1 |  | 
| Altar of Storms | 1 |  | 
| Voodoo Lounge | 1 |  | 
| War Mill | 1 |  | 
| Watch Tower | 2 |  | 
| Stronghold | 1 |  | 
| Beastiary | 2 |  | 
                13 total
 » build order
                00:08 Orc Burrow
00:12 Barracks
00:29 Altar of Storms
01:26 Voodoo Lounge
01:58 War Mill
03:03 Orc Burrow
03:58 Watch Tower
04:27 Stronghold
04:50 Watch Tower
05:06 Orc Burrow
06:10 Orc Burrow
07:04 Beastiary
07:35 Beastiary
» items
                
                | Healing Salve | 3 |  | 
| Lesser Clarity Potion | 3 |  | 
| Scroll of Speed | 1 |  | 
| Boots of Speed | 1 |  | 
| Staff of Teleportation | 1 |  | 
| Circlet of Nobility | 1 |  | 
| Potion of Lesser Invulnerability | 1 |  | 
                11 total
  
               team 2 (winner) 
              
              
kunt.roII (
pink | 110 APM | 1389 actions | 12:38)
              
 5 Beastmaster 
 2 Summon Quilbeast
 2 Summon Hawk
 1 Summon Bear
 
                » actions 
                
                | Assign group hotkey | 30 |  | 
| Basic commands | 17 |  | 
| Build / train | 68 |  | 
| ESC pressed | 1 |  | 
| Enter build submenu | 16 |  | 
| Enter hero's abilities submenu | 5 |  | 
| Give item / drop item | 3 |  | 
| Right click | 646 |  | 
| Select / deselect | 272 |  | 
| Select group hotkey | 267 |  | 
| Use ability | 64 |  | 
                1389 total
 » units 
                
                | Acolyte | 16 |  | 
| Ghoul | 18 |  | 
| Crypt Fiend | 12 |  | 
                46 total
 » upgrades
                » buildings
                
                | Crypt | 2 |  | 
| Graveyard | 1 |  | 
| Ziggurat | 6 |  | 
| Altar of Darkness | 1 |  | 
| Tomb of Relics | 1 |  | 
| Nerubian Tower | 2 |  | 
| Spirit Tower | 2 |  | 
| Halls of the Dead | 1 |  | 
                16 total
 » build order
                00:10 Crypt
00:14 Graveyard
00:38 Ziggurat
01:01 Altar of Darkness
01:31 Tomb of Relics
02:07 Nerubian Tower
02:23 Ziggurat
04:33 Ziggurat
04:50 Ziggurat
05:20 Ziggurat
05:22 Ziggurat
06:18 Crypt
07:09 Nerubian Tower
07:10 Spirit Tower
07:44 Halls of the Dead
11:34 Spirit Tower
» items
                
                | Rod of Necromancy | 2 |  | 
| Sacrificial Skull | 2 |  | 
| Potion of Lesser Invulnerability | 1 |  | 
                5 total
  
               observersbia-bia-bia-bia, 
Zox-L, 
puck, 
rmit-bluebear, 
kowi10, 
Thraximundar, 
Alibi, 
slientdeath Chat log
          (00:25 / All) kunt.roII: hey
(00:27 / All) kunt.roII: what race u got
(00:33 / All) kunt.roII: i got ud
(01:13 / All) kunt.roII: wait u the guy who massed t1 rightj
(07:01 / All) kunt.roII: LoL